 Dungeon Crawl Stone Soup version 0.20-a0-345-gbfb25ec (webtiles) character file.

364 junb69 the Ruffian (level 6, -1/59 HPs)
             Began as a Troll Monk on Dec 22, 2016.
             Was a Believer of Ashenzari.
             Slain by a hornet (11 damage)
             ... while paralysed by a hornet
             ... on level 5 of the Dungeon.
             The game lasted 00:05:22 (2953 turns).

junb69 the Ruffian (Troll Monk)                     Turns: 2953, Time: 00:05:23

Health: -1/59      AC:  6    Str: 20    XL:     6   Next: 39%
Magic:  5/5        EV:  1    Int:  6    God:    Ashenzari [**....]
Gold:   247        SH:  0    Dex: 14    Spells: 5/5 levels left

rFire  . . .     SeeInvis .       - Unarmed
rCold  . . .     Gourm    +     a - +0 robe
rNeg   . . .     Faith    .     (no shield)
rPois  .         Spirit   .     (helmet restricted)
rElec  .         Reflect  .     n - +0 cloak (curse)
rCorr  .         Harm     .     (gloves unavailable)
MR     +....                    (boots unavailable)
Stlth  ++........               (no amulet)
                                (no ring)
                                u - ring of protection from magic

@: paralysed, lethally poisoned (-1 -> -2), slowed
A: unfitting armour, claws 3, fast metabolism 3, gourmand, regeneration 1,
shaggy fur 1, tough skin 2
a: Curse Item, Scrying, Renounce Religion


You were on level 5 of the Dungeon.
You worshipped Ashenzari.
Ashenzari was pleased with you.
You were very full.

You visited 2 branches of the dungeon, and saw 6 of its levels.

You collected 247 gold pieces.

Inventory:

Armour
 a - a +0 robe (worn)
 n - a cursed +0 cloak (worn)
Jewellery
 u - a ring of protection from magic (left claw)
Wands
 t - a wand of polymorph (3/24)
Scrolls
 c - 4 scrolls of amnesia {unknown}
 i - 2 scrolls of enchant weapon {unknown}
 m - 2 scrolls of immolation {unknown}
 o - 2 scrolls of identify {unknown}
 p - a scroll of teleportation {unknown}
 r - 2 scrolls of fear {unknown}
 s - a scroll of blinking {unknown}
 v - a scroll of magic mapping {unknown}
 w - a scroll of fog {unknown}
 x - a scroll of remove curse
 y - a scroll of recharging {unknown}
Potions
 e - a potion of ambrosia {unknown}
 g - a potion of degeneration {unknown}
 h - 2 potions of brilliance {unknown}
 j - 2 potions of agility
 l - 2 potions of curing {unknown}
 q - 2 potions of mutation {unknown}
Comestibles
 b - 5 bread rations
 d - 4 beef jerkies
 f - 4 meat rations
 k - 4 fruits


   Skills:
 - Level 2.4 Fighting
 - Level 2.4 Dodging
 - Level 1.0 Stealth
 * Level 7.3 Unarmed Combat


You had 5 spell levels left.
You didn't know any spells.

Dungeon Overview and Level Annotations

Branches:
Dungeon (5/15)             Temple (1/1) D:4

Altars:
Ashenzari
Cheibriados
Dithmenos
Gozag
Hepliaklqana
Makhleb
Nemelex Xobeh
Ru
Vehumet
Yredelemnul
The Shining One


Innate Abilities, Weirdness & Mutations

You are too large for most types of armour.
You have claws for hands.
Your metabolism is lightning-fast.
You like to eat raw meat.
Your natural rate of healing is unusually fast.
You are covered in fur. (AC +1)
You have very tough skin. (AC +2)


Message History

You feel as though you will be slow longer.
You closely miss the hornet.
The hornet is lightly wounded.
The hornet barely misses you.
The hornet stings you but does no damage.
You mangle the hornet!!
The hornet is severely wounded.
The hornet stings you but does no damage.
The hornet stings you!
You feel as though you will be slow longer.
You scratch the hornet.
The hornet is severely wounded.
The hornet stings you!
* * * LOW HITPOINT WARNING * * *
You are poisoned.
You suddenly lose the ability to move!
The hornet stings you!
* * * LOW HITPOINT WARNING * * *
You feel as though you will be slow longer.
You feel sick. The hornet stings you!
You die...

#
##.....#a....
#
#....#.#....$
#
##....#.#.....
#
#............#
* #
#.....##......
* #
#...........#
*
##........#.#
* *
##.........#,
#....@y....# ,
#...#####.>..
#... ....* *
#... ... #...
, , .. ##.** *
* ,


You could see a hornet.

Vanquished Creatures
  An ice beast (D:5)
  Ijyb (D:3)
  Natasha (thrice) (D:3)
  A hound skeleton (D:4)
  8 adders
  An adder skeleton (D:4)
  3 worms
  3 dart slugs
  4 leopard geckos
  3 orcs (D:4)
  3 giant cockroaches
  3 goblins (D:1)
  5 hobgoblins
  6 jackals
  3 kobolds
  2 quokkas (D:3)
  4 bats
  6 frilled lizards
  A jackal skeleton (D:4)
  12 rats
73 creatures vanquished.

Vanquished Creatures (others)
  A bat (D:1)
1 creature vanquished.

Grand Total: 74 creatures vanquished

Notes
Turn   | Place    | Note
-------+----------+-------------------------------------------
     0 | D:1      | junb69 the Troll Monk began the quest for the Orb.
     0 | D:1      | Reached XP level 1. HP: 22/22 MP: 0/0
   162 | D:1      | Reached XP level 2. HP: 29/29 MP: 1/1
   412 | D:1      | Reached skill level 4 in Unarmed Combat
   851 | D:2      | Reached XP level 3. HP: 36/36 MP: 2/2
  1359 | D:3      | Reached XP level 4. HP: 44/44 MP: 3/3
  1366 | D:3      | Reached skill level 5 in Unarmed Combat
  1505 | D:3      | Found a glowing golden altar of the Shining One.
  1541 | D:3      | Noticed Natasha
  1546 | D:3      | Killed Natasha
  1599 | D:3      | Noticed Natasha
  1621 | D:3      | Killed Natasha
  1621 | D:3      | Reached XP level 5. HP: 33/50 MP: 4/4
  1694 | D:3      | Noticed Natasha
  1701 | D:3      | Killed Natasha
  1701 | D:3      | Reached skill level 6 in Unarmed Combat
  1830 | D:3      | Noticed Ijyb
  1838 | D:3      | Killed Ijyb
  2111 | D:4      | Found a staircase to the Ecumenical Temple.
  2129 | Temple   | Entered the Ecumenical Temple
  2144 | Temple   | Became a worshipper of Ashenzari the Shackled
  2144 | Temple   | Reached * piety under Ashenzari
  2144 | Temple   | Reached ** piety under Ashenzari
  2725 | D:5      | Entered Level 5 of the Dungeon
  2732 | D:5      | Reached XP level 6. HP: 59/59 MP: 5/5
  2776 | D:5      | Noticed an ice beast
  2787 | D:5      | Killed an ice beast
  2787 | D:5      | Reached skill level 7 in Unarmed Combat
  2942 | D:5      | Noticed a hornet
  2952 | D:5      | Paralysed by a hornet for 2 turns
  2953 | D:5      | Slain by a hornet

Vault maps used:
D:1:      co_arrival_random_square_maze, lemuel_another_geyser
D:3:      lemuel_crystal_altar, st_stairs_14, grunt_ministairs_7, uniq_natasha,
          uniq_iyjb
D:5:      first_bread, kennysheep_small_circle, uniq_eustachio
Temple:   eino_narrow_crystal_temple

Skill      XL: |  1  2  3  4  5  6 |
---------------+-------------------+-----
Unarmed Combat | 4 5 6 7 |  7.3
Fighting       | |  2.4
Dodging        | |  2.4
Stealth        | |  1.0

Action                   |  1- 3 |  4- 6 || total
-------------------------+-------+-------++-------
Melee: Unarmed           |    77 |   130 ||   207
       Punch             |     2 |     3 ||     5
Invok: Curse Item        |       |     1 ||     1
 Stab: Sleeping          |     7 |     5 ||    12
  Eat: Chunk             |    18 |    13 ||    31
Armor: Robe              |    32 |    47 ||    79
Dodge: Dodged            |    58 |    64 ||   122
